 Dungeon Crawl Stone Soup version 0.29.1-12-g30fa7ad0bf (webtiles) character file.

Game seed: 7538037098792892884

57 hawla the Firebug (level 4, -4/49 HPs)
             Began as a Meteoran Fire Elementalist on Jan 8, 2023.
             Killed by miscasting Flame Wave (12 damage)
             ... in an ossuary.
             The game lasted 00:03:42 (379 turns).

hawla the Firebug (Meteoran Fire Elementalist)       Turns: 379, Time: 00:03:43

Health: -4/49      AC: 22    Str: 10    XL:     4   Next: 41%
Magic:  4/10       EV:  2    Int: 18    God:
Gold:   37         SH:  0    Dex: 14    Spells: 2/9 levels left

rFire   . . .      SeeInvis .   (no weapon)
rCold   + . .      Faith    .   (no shield)
rNeg    . . .      Spirit   .   (body armour currently unavailable)
rPois   +          Reflect  .   (helmet currently unavailable)
rElec   .          Harm     .   (cloak currently unavailable)
rCorr   .          Rampage  .   (gloves currently unavailable)
Will    .....      NoTele   +   (boots currently unavailable)
Stlth   +.........              (no amulet)
HPRegen 0.16/turn               h - ring of protection from cold
MPRegen 0.12/turn               (no ring)

@: tree-form, very slightly contaminated, glowing
A: stationary, stasis, torment immunity, boosted hp, sense surroundings 1,
otherworldly, glowing, explore regen
a: no special abilities


You were in an ossuary.
You were a tree.
You visited 1 branch of the dungeon, and saw 4 of its levels.
You also visited: Ossuary.

You collected 37 gold pieces.

Inventory:

Armour
 k - a +2 robe of willpower (melded)
Jewellery
 h - a ring of protection from cold (left branch)
Scrolls
 j - a scroll of enchant armour {unknown}
Potions
 e - a potion of mutation


   Skills:
 - Level 2.6 Dodging
 - Level 1.4 Stealth
 - Level 3.3 Spellcasting
 + Level 2.5 Conjurations
 - Level 4.6 Fire Magic


You had 2 spell levels left.
You knew the following spells:

 Your Spells              Type           Power      Damage    Failure   Level
a - Foxfire               Conj/Fire      60%        2x1d7     3%          1
b - Scorch                Fire           38%        2d6       3%          2
c - Flame Wave            Conj/Fire      15%        2d7       34%         4

Your spell library contained the following spells:

 Spells                   Type           Power      Damage    Failure   Level
 Conjure Flame            Conj/Fire      15%        6-21      11%         3
 Inner Flame              Hex/Fire       11%        N/A       19%         3


Dungeon Overview and Level Annotations

Branches:
Dungeon (4/15) Zot: 2056  Ossuary (1/1) Zot: 566
 Temple: D:4-7

Altars:


Innate Abilities, Weirdness & Mutations

You are a tree.
Your roots penetrate the ground, keeping you stationary.
You cannot be teleported.
You are immune to unholy pain and torment.
Your maximum health is greatly increased.
Your equipment is partially melded.
You passively map a small area around you.
You are easily found by Zot.
You glow in the dark.
You regain HP and MP as you explore.


Message History

The gnoll zombie is lightly damaged.
The gnoll zombie hits you but does no damage.
You hit the gnoll zombie.
The gnoll zombie is lightly damaged.
The gnoll zombie hits you but does no damage.
You hit the gnoll zombie.
The gnoll zombie is lightly damaged.
The gnoll zombie hits you but does no damage.
You hit the gnoll zombie.
The gnoll zombie is heavily damaged.
The gnoll zombie hits you but does no damage.
You smack the gnoll zombie!
You destroy the gnoll zombie!
You smack the adder zombie!
The adder zombie is severely damaged.
The adder zombie bites you but does no damage.
You smack the adder zombie!
You destroy the adder zombie!
You barely miss the water moccasin zombie.
The water moccasin zombie bites you but does no damage.
You barely miss the water moccasin zombie.
The water moccasin zombie bites you but does no damage.
The water moccasin zombie bites you.
* * * LOW HITPOINT WARNING * * *
You smack the water moccasin zombie!
The water moccasin zombie is moderately damaged.
The water moccasin zombie bites you but does no damage.
You hit the water moccasin zombie.
The water moccasin zombie is moderately damaged.
The water moccasin zombie completely misses you.
You hit the water moccasin zombie.
The water moccasin zombie is heavily damaged.
The water moccasin zombie bites you but does no damage.
Casting: Flame Wave (quite dangerous; 34% risk of failure)
Confirm with . or Enter, or press ? or * to list all spells.
The spell is quite dangerous to miscast (34% risk of failure)!
Continue anyway?
Casting: Flame Wave (quite dangerous; 34% risk of failure)
Press: ? - help, Dir - look around, f - activate You miscast Flame Wave.
Strange energies run through your body!
You die...

######### ###
#∩..#...#!!?!#
#...'.∩.#?)}!+
∩
#...#...#!??!#
#...##### *###
#♣..# #Z###


#ZZ #Z.. #...# #...# #+### * You could see a water moccasin zombie, a gnoll
zombie, a kobold zombie and an orc zombie.

Vanquished Creatures
  Natasha (D:4)
  An adder zombie (Ossuary)
  5 endoplasms
  A gnoll zombie (Ossuary)
  3 goblins
  A hobgoblin (D:3)
  3 jackals (D:2)
  2 kobolds (D:1)
  6 ball pythons
  A bat (D:1)
  2 kobold zombies (Ossuary)
  An orc zombie (Ossuary)
  2 rats (D:2)
29 creatures vanquished.

Vanquished Creatures (others)
  55 foxfires
55 creatures vanquished.

Grand Total: 84 creatures vanquished

Notes
Turn   | Place    | Note
-------+----------+-------------------------------------------
     0 | D:1      | hawla the Meteoran Fire Elementalist began the quest for
                  | the Orb.
     0 | D:1      | Reached XP level 1. HP: 14/14 MP: 5/5
    59 | D:1      | Reached XP level 2. HP: 14/20 MP: 2/7
    64 | D:1      | Learned a level 2 spell: Scorch
    86 | D:1      | Reached skill level 4 in Fire Magic
   203 | D:2      | Reached XP level 3. HP: 26/26 MP: 5/8
   311 | D:4      | Noticed Natasha
   314 | D:4      | Killed Natasha
   315 | D:4      | Reached XP level 4. HP: 33/33 MP: 5/10
   320 | D:4      | Learned a level 4 spell: Flame Wave
   332 | D:4      | Identified the +1 scale mail "Ohoraxu" {rElec}
   340 | D:4      | Found a sand-covered staircase.
   345 | Ossuary  | Entered an ossuary
   379 | Ossuary  | Killed by miscasting Flame Wave

Illustrated notes

Levels and vault maps discovered:
D:1:      scummos_arrival_gate, layout_loops_cross,
          shapermc_ecumenical_altar_hornbeckon, minmay_cupped
D:2:      layout_basic, kennysheep_jessica_study, uniq_crazy_yiuf_cottage,
          uniq_jessica
D:3:      layout_rooms, mainiacjoe_overflow_boulevard
D:4:      layout_basic, mainiacjoe_overflow_alcove_2, enter_ossuary_5,
          minmay_ogre_servants, uniq_blork_the_orc, uniq_robin, uniq_natasha
Ossuary:  ossuary_tomb_2

Skill      XL: |  1  2  3 |
---------------+----------+-----
Spellcasting   | 3 |  3.3
Fire Magic     | 4 |  4.6
Conjurations   | 2 |  2.5
Dodging        | |  2.6
Stealth        | |  1.4

Action                   |  1- 3 |  4- 6 || total
-------------------------+-------+-------++-------
Melee: Unarmed           |     6 |    16 ||    22
 Cast: Foxfire           |    31 |     3 ||    34
       Scorch            |     4 |       ||     4
       Flame Wave        |       |     1 ||     1
  Use: Scroll            |     4 |       ||     4
       Potion            |       |     2 ||     2
Armor: Robe              |     2 |     2 ||     4
       Skin              |       |    11 ||    11
Dodge: Dodged            |     5 |     2 ||     7
